 Dungeon Crawl Stone Soup version 0.18-a0-1180-g64ccc1e (webtiles) character file.

600 kae the Martial Artist (level 7, -3/52 HPs)
             Began as a Demonspawn Monk on Jan 27, 2016.
             Was a Believer of Makhleb.
             Slain by an ice beast (4 damage)
             ... on level 5 of the Dungeon.
             The game lasted 00:05:53 (5201 turns).

kae the Martial Artist (Demonspawn Monk)            Turns: 5201, Time: 00:05:53

Health: -3/52      AC:  5    Str: 12    XL:     7   Next: 18%
Magic:  7/7        EV: 14    Int: 11    God:    Makhleb [**....]
Gold:   173        SH:  0    Dex: 21    Spells: 0 memorised, 6 levels left

rFire  . . .     SeeInvis +       - Unarmed
rCold  . . .     Gourm    .     a - +0 robe
rNeg   + . .     Faith    .     (no shield)
rPois  .         Spirit   .     j - +0 helmet
rElec  .         Dismiss  .     k - +1 cloak
rCorr  .         Reflect  .     (no gloves)
SustAt .         Harm     .     (no boots)
MR     .....                    (no amulet)
Stlth  ++++......               u - ring of positive energy
                                d - ring of see invisible

@: about to teleport, not resistant to hostile enchantments, stealthy
A: talons 2, thin skeletal structure 2, nightstalker 1
a: Minor Destruction, Renounce Religion


You were on level 5 of the Dungeon.
You worshipped Makhleb.
Makhleb was pleased with you.
You were not hungry.

You visited 2 branches of the dungeon, and saw 6 of its levels.

You collected 173 gold pieces.

Inventory:

Armour
 a - a +0 robe (worn)
 j - a +0 helmet (worn)
 k - a +1 cloak (worn)
Jewellery
 d - a ring of see invisible (left hand)
 u - a ring of positive energy (right hand)
Wands
 s - a wand of polymorph (10/24)
Scrolls
 o - a scroll of acquirement {unknown}
Potions
 c - a potion of cancellation {unknown}
 e - a potion of flight
 f - a potion of magic
 g - 2 potions of cure mutation
 h - a potion of lignification {unknown}
 i - a potion of mutation {unknown}
 n - a potion of brilliance {unknown}
 p - 2 potions of agility {unknown}
Comestibles
 b - 4 bread rations
 m - a beef jerky
 q - a royal jelly
 r - 2 meat rations
 t - a slice of pizza


   Skills:
 - Level 3.0 Fighting
 - Level 2.6 Dodging
 - Level 1.7 Stealth
 - Level 8.0 Unarmed Combat
 + Level 0.0 Invocations


You had 6 spell levels left.
You didn't know any spells.

Dungeon Overview and Level Annotations

Branches:
Dungeon (5/15)             Temple (1/1) D:4

Altars:
Ashenzari
Dithmenos
Elyvilon
Gozag
Makhleb
Nemelex Xobeh
Okawaru
Pakellas
Sif Muna
Yredelemnul
Zin
The Shining One

Annotations:
D:2 Terence


Innate Abilities, Weirdness & Mutations

You have razor-sharp toenails.
You have a moderately thin skeletal structure (Dex +4, Stealth+).
You are slightly more attuned to the shadows.


Message History

You closely miss the ice beast.
You claw the ice beast, but do no damage.
The ice beast is almost dead.
You barely miss the ice beast. Your kick misses the ice beast.
The ice beast is almost dead.
The ice beast hits you. The ice beast freezes you!
* * * LOW HITPOINT WARNING * * *
Unknown command.
Drink which item? (? for menu, Esc to quit)
Okay, then.
Read which item? (? for menu, Esc to quit)
Okay, then.
The ice beast hits you.
* * * LOW HITPOINT WARNING * * *
The ice beast freezes you.
* * * LOW HITPOINT WARNING * * *
Read which item? (? for menu, Esc to quit)
As you read the scroll of teleportation, it crumbles to dust.
You feel strangely unstable. The ice beast hits you.
You die...

>.........####.......
...).........#.#.....
.........###.....[... ..
#.................... ...
##.....##............
##....#######....###........
.......................#.#..
#................###..##.##.
#.........@..#.####.###....
#....###.Y...#.# #.........
#....###.......# #.#....#..
#..........####.#.......
#.....#..###...........###..
..#.....## .#.....##### #..
##....# .#..... ..##..
....... . .... #.....
###.#.. . ##....


You could see an ice beast.

Vanquished Creatures
  2 ogres (D:4)
  A scorpion (D:4)
  A crimson imp (D:4)
  A hound (D:4)
  A giant frog skeleton (D:4)
  An orc wizard (D:4)
  An iguana (D:3)
  A worker ant (D:4)
  3 gnolls
  10 adders
  A shadow imp (D:4)
  3 worms
  A giant gecko (D:4)
  5 orcs
  6 bats
  3 giant cockroaches
  5 goblins
  10 hobgoblins
  12 jackals
  A quokka (D:4)
  2 ball pythons
  A giant gecko skeleton (D:4)
  10 giant newts
  5 kobolds
  6 rats
93 creatures vanquished.

Notes
Turn   | Place    | Note
--------------------------------------------------------------
     0 | D:1      | kae the Demonspawn Monk began the quest for the Orb.
     0 | D:1      | Reached XP level 1. HP: 18/18 MP: 1/1
   324 | D:1      | Reached skill level 4 in Unarmed Combat
   328 | D:1      | Gained mutation: You have a somewhat thin skeletal structure (Dex +2, Stealth). [demonic ancestry]
   328 | D:1      | Reached XP level 2. HP: 9/24 MP: 2/2
  1386 | D:2      | Noticed Terence
  1580 | D:2      | Gained mutation: You have a moderately thin skeletal structure (Dex +4, Stealth+). [demonic ancestry]
  1580 | D:2      | Reached XP level 3. HP: 29/29 MP: 3/3
  2257 | D:3      | Found a faded altar to an unknown god.
  2300 | D:3      | Reached skill level 5 in Unarmed Combat
  2483 | D:3      | Gained mutation: You are slightly more attuned to the shadows. [demonic ancestry]
  2483 | D:3      | Reached XP level 4. HP: 33/35 MP: 4/4
  2646 | D:2      | Reached XP level 5. HP: 16/41 MP: 5/5
  3058 | D:3      | Reached skill level 6 in Unarmed Combat
  3809 | D:4      | Found a shadowy altar of Dithmenos.
  3832 | D:4      | Noticed an ogre
  3849 | D:4      | Killed an ogre
  3849 | D:4      | Gained mutation: You have sharp toenails. [demonic ancestry]
  3849 | D:4      | Reached XP level 6. HP: 30/47 MP: 6/6
  4114 | D:4      | Found a staircase to the Ecumenical Temple.
  4128 | Temple   | Entered the Ecumenical Temple
  4173 | Temple   | Became a worshipper of Makhleb the Destroyer
  4173 | Temple   | Reached * piety under Makhleb
  4173 | Temple   | Reached ** piety under Makhleb
  4223 | D:4      | Found an iron altar of Okawaru.
  4298 | D:4      | Reached skill level 7 in Unarmed Combat
  4598 | D:4      | Gained mutation: You have razor-sharp toenails. [demonic ancestry]
  4598 | D:4      | Reached XP level 7. HP: 35/52 MP: 7/7
  4845 | D:4      | Reached skill level 8 in Unarmed Combat
  5070 | D:5      | Entered Level 5 of the Dungeon
  5200 | D:5      | HP: 1/52 [ice beast (5)]
  5201 | D:5      | Slain by an ice beast

Vault maps used:
D:1:      lemuel_arrival_rhombus
D:2:      first_bread, minmay_tree_intersection, uniq_terence
D:3:      ecumenical_altar_2
D:4:      forest_paths, okawaru_trees_2, nicolae_dithmenos_the_darkroom,
          temple_fountains
Temple:   chequers_temple_sunken_temple

Action                   |  1- 3 |  4- 6 |  7- 9 || total
-------------------------+-------+-------+-------++-------
Melee: Unarmed           |   157 |   177 |    47 ||   381
  Use: Scroll            |     4 |     3 |     2 ||     9
 Stab: Sleeping          |     8 |     8 |     1 ||    17
       Distracted        |     1 |     1 |       ||     2
  Eat: Chunk             |     3 |     7 |     2 ||    12
       Pizza             |       |     1 |       ||     1
